 Dungeon Crawl Stone Soup version 0.24-a0-284-g9fb9971 (webtiles) character file.

Game seed: 1938016436959717962

28 mhoghedin the Sneak (level 2, 0/22 HPs)
             Began as a Vampire Assassin on May 4, 2019.
             Slain by a kobold
             ... wielding a cursed -2 whip
              (3 damage)
             ... on level 2 of the Dungeon.
             The game lasted 00:01:17 (984 turns).

mhoghedin the Sneak (Vampire Assassin)               Turns: 984, Time: 00:01:17

Health: 0/22       AC:  4    Str: 10    XL:     2   Next: 96%
Magic:  2/2        EV: 12    Int: 13    God:
Gold:   60         SH:  0    Dex: 15    Spells: 1/1 levels left

rFire    . . .     SeeInvis +   a - +2 dagger
rCold    . . .     Gourm    .   (no shield)
rNeg     + . .     Faith    .   c - +0 robe
rPois    .         Spirit   .   l - +0 helmet
rElec    .         Reflect  .   d - +0 cloak
rCorr    .         Harm     .   (no gloves)
MR       .....                  (no boots)
Stlth    +++.......             (no amulet)
HPRegen  0.07/turn              (no ring)
MPRegen  0.08/turn              (no ring)

@: no status effects
A: fangs 3, see invisible, unbreathing
a: no special abilities


You were on level 2 of the Dungeon.
You were not thirsty.

You visited 1 branch of the dungeon, and saw 2 of its levels.

You collected 60 gold pieces.

Inventory:

Hand Weapons
 a - a +2 dagger (weapon)
 b - a +0 blowgun
Missiles
 e - 8 poisoned needles
 f - 2 curare-tipped needles
Armour
 c - a +0 robe (worn)
 d - a +0 cloak (worn)
 l - a +0 helmet (worn)
   (You found it on level 1 of the Dungeon)
Scrolls
 h - a scroll of enchant weapon {unknown}
 i - a scroll of remove curse {unknown}
 k - 2 scrolls of identify {unknown}
Potions
 g - 7 potions of blood {@q1}
 j - a potion of ambrosia {unknown}


   Skills:
 - Level 1.7 Fighting
 + Level 3.1 Short Blades
 - Level 1.5 Throwing
 - Level 1.1 Dodging
 + Level 6.7 Stealth


You had one spell level left.
You didn't know any spells.
Your spell library was empty.

Dungeon Overview and Level Annotations

Branches:
Dungeon (2/15)

Altars:

Annotations:
D:2 Natasha


Innate Abilities, Weirdness & Mutations

You have razor-sharp teeth.
You have supernaturally acute eyesight. (SInv)
You can survive without breathing.


Message History

You kill the hobgoblin!
Your Short Blades skill increases to level 3!
A rat comes into view.
The helpless rat fails to defend itself.
You impale the rat!!
You kill the rat!
Found a stone staircase leading down.
A frilled lizard comes into view.
You see here 7 gold pieces.
The helpless frilled lizard fails to defend itself.
You impale the frilled lizard!!
You kill the frilled lizard!
k - a scroll labeled CUCIBO MUOH LIN
k - 2 scrolls labeled CUCIBO MUOH LIN (gained 1)
You now have 50 gold pieces (gained 7).
There is a stone staircase leading down here.
A dart slug comes into view.
The helpless dart slug fails to defend itself.
You perforate the dart slug like a sieve!!!
You kill the dart slug!
No target in view!
The goblin is too close now for your liking.
You see here 10 gold pieces.
A goblin is nearby!
The goblin shouts!
The goblin barely misses you.
You barely miss the goblin. You hit the goblin.
You kill the goblin!
No target in view!
No target in view!
You now have 60 gold pieces (gained 10).
l - a helmet A rat comes into view.
A rat is nearby!
You hit the rat.
You kill the rat!
No target in view!
You start putting on your armour.
You continue putting on your helmet. x4
You finish putting on your +0 helmet.
A kobold comes into view. It is wielding a +0 dagger.
The kobold shouts!
A kobold is nearby!
You hit the kobold.
You kill the kobold!
No target in view!
No target in view!
Things that are here:
a +0 dagger; a kobold corpse No target in view!
You bottle the corpse's blood.
g - 7 potions of blood {@q1} (gained 1)
You see here a +0 dagger.
A rat comes into view.
A rat is nearby!
The helpless rat fails to defend itself.
You skewer the rat like a kebab!!!
You kill the rat!
No target in view!
You see here a spear.
Done exploring.
Done exploring.
No target in view!
No target in view!
No target in view!
Done exploring.
Done exploring.
(D) Dungeon
Where to? (? - help)
You see here a cursed -3 club.
There is a stone staircase leading down here.
You climb downwards.
A kobold and Natasha come into view.
There is a stone staircase leading up here.
The kobold shouts!
You barely miss Natasha. Natasha misses you.
You hit Natasha. Natasha claws you.
You take 5 damage, and have 17/22 hp.
MASSIVE DAMAGE!!
You barely miss Natasha. Natasha misses you.
You hit Natasha. You hit Natasha. Your bite misses Natasha. Natasha claws you.
You take 4 damage, and have 13/22 hp.
You are too injured to fight recklessly!
You are too injured to fight recklessly!
You closely miss Natasha. Natasha completely misses you.
The kobold closely misses you.
You barely miss Natasha. Natasha claws you!
* * * LOW HITPOINT WARNING * * *
You take 9 damage, and have 4/22 hp.
MASSIVE DAMAGE!!
You closely miss Natasha. The kobold misses you. Natasha barely misses you.
You hit Natasha.
The kobold hits you with a cursed -2 whip.
* * * LOW HITPOINT WARNING * * *
Natasha barely misses you.
You take 1 damage, and have 3/22 hp.
You miss Natasha.
The kobold hits you with a cursed -2 whip.
You die...

#. .. .# .#
#.## .#
#....#####.##
#........#
#<.@h.#
##.K..#
#....#
#.....#
.......#
.#....#..#
.#....##.# #
#..... .#


You could see Natasha and a kobold.

Vanquished Creatures
  A dart slug (D:1)
  A leopard gecko (D:1)
  A giant cockroach (D:1)
  2 goblins (D:1)
  4 hobgoblins (D:1)
  3 jackals (D:1)
  2 bats (D:1)
  A frilled lizard (D:1)
  A kobold (D:1)
  9 rats (D:1)
25 creatures vanquished.

Notes
Turn   | Place    | Note
-------+----------+-------------------------------------------
     0 | D:1      | mhoghedin the Vampire Assassin began the quest for the Orb.
     0 | D:1      | Reached XP level 1. HP: 16/16 MP: 1/1
    37 | D:1      | Reached skill level 6 in Stealth
   169 | D:1      | Reached XP level 2. HP: 22/22 MP: 2/2
   524 | D:1      | Reached skill level 3 in Short Blades
   972 | D:2      | Noticed Natasha
   981 | D:2      | HP: 4/22 [Natasha (9)]
   984 | D:2      | Slain by a kobold

Levels and vault maps discovered:
D:1:      saegor_arrival_simple_a, layout_loops_ring
D:2:      layout_rooms, chequers_ecumenical_altar_simple_redux, uniq_natasha

Skill      XL: |  1  2 |
---------------+-------+-----
Stealth        | 6 |  6.7
Short Blades   | 3 |  3.1
Fighting       | |  1.7
Throwing       | |  1.5
Dodging        | |  1.1

Action                   || total
-------------------------++-------
Melee: Dagger            ||    81
       Bite              ||     3
 Stab: Sleeping          ||     7
Armor: Robe              ||    13
Dodge: Dodged            ||    38

Table legend:
 A = Non-vault XP
 B = Vault XP
 C = Vault XP percentage of total XP
 D = Non-vault monster count
 E = Vault monster count
 F = Vault count percentage of total count
                 A         B        C        D         E       F
            +---------+---------+-------+---------+---------+-------
      Total |      40 |       0 |   0.0 |      25 |       0 |   0.0
            +---------+---------+-------+---------+---------+-------
        D:1 |      40 |       0 |   0.0 |      25 |       0 |   0.0
            +---------+---------+-------+---------+---------+-------

Levels and vault maps discovered:
D:1:      saegor_arrival_simple_a, layout_loops_ring
D:2:      layout_rooms, chequers_ecumenical_altar_simple_redux, uniq_natasha

Table legend:
 A = Turns spent in this place as a percentage of turns spent in the entire game.
 B = Non-inter-level travel turns spent in this place as a percentage of non-inter-level travel turns spent in the entire game.
 C = Inter-level travel turns spent in this place as a percentage of turns spent in this place.
 D = Turns resting spent in this place as a percentage of non-inter-level travel turns spent in this place.
 E = Turns spent auto-exploring this place as a percentage of non-inter-level travel turns spent in this place.
 F = Non-inter-level travel turns spent in this place divided by the number of levels of this place that you've seen.
                   A       B       C       D       E      F
               +-------+-------+-------+-------+-------+----------------------
         Total | 100.0 | 100.0 |   5.7 |  22.1 |  57.0 | 464.0
       Dungeon | 100.0 | 100.0 |   5.7 |  22.1 |  57.0 | 464.0
               +-------+-------+-------+-------+-------+----------------------

Table legend:
 A = Kills in this place as a percentage of kills in entire the game.
 B = Kills by you in this place as a percentage of kills by you in the entire game.
 C = Kills by friends in this place as a percentage of kills by friends in the entire game.
 D = Other kills in this place as a percentage of other kills in the entire game.
 E = Experience gained in this place as a percentage of experience gained in the entire game.
 F = Experience gained in this place divided by the number of levels of this place that you have seen.
                   A       B       C       D       E      F
               +-------+-------+-------+-------+-------+----------------------
         Total | 100.0 | 100.0 |   N/A |   N/A | 100.0 |  20.0
       Dungeon | 100.0 | 100.0 |   N/A |   N/A | 100.0 |  20.0
               +-------+-------+-------+-------+-------+----------------------
